 Dungeon Crawl Stone Soup version 0.29.1-12-g30fa7ad0bf (webtiles) character file.

Game seed: 10473792938262908609

849 wormed the Caller (level 8, 0/58 HPs)
             Began as a Gnoll Summoner on Dec 26, 2022.
             Was an Initiate of Vehumet.
             Slain by Blork the orc
             ... wielding a +0 hand axe
              (11 damage)
             ... on level 6 of the Dungeon.
             The game lasted 00:12:21 (5975 turns).

wormed the Caller (Gnoll Summoner)                  Turns: 5975, Time: 00:12:21

Health: 0/58       AC:  5    Str: 12    XL:     8   Next: 1%
Magic:  21/25      EV: 13    Int: 17    God:    Vehumet [......]
Gold:   376        SH:  0    Dex: 12    Spells: 7/18 levels left

rFire   + + +      SeeInvis .   w - +6 rapier of the Hall of Blades {vorpal, Fragile rF+++ MP+9 Str+4}
rCold   . . .      Faith    .   (no shield)
rNeg    + . .      Spirit   .   n - +0 leather armour
rPois   .          Reflect  .   l - +0 helmet
rElec   .          Harm     .   (no cloak)
rCorr   +          Rampage  .   (no gloves)
Will    .....                   a - +0 pair of boots
Stlth   +++.......              (no amulet)
HPRegen 0.19/turn               u - ring of resist corrosion
MPRegen 0.19/turn               A - ring of positive energy

@: no status effects
A: fangs 1, strong nose, distributed training
a: Renounce Religion


You were on level 6 of the Dungeon.
You worshipped Vehumet.
Vehumet was noncommittal.
You visited 2 branches of the dungeon, and saw 7 of its levels.

You collected 376 gold pieces.

Inventory:

Hand Weapons
 w - the +6 rapier of the Hall of Blades (weapon) {vorpal, Fragile rF+++ MP+9 Str+4}
   (You found it on level 3 of the Dungeon)

   It inflicts extra damage upon your enemies.
   Str:       It affects your strength (+4).
   rF:        It renders you almost immune to fire.
   MP:        It affects your magic capacity (+9).
   Fragile:   It will be destroyed if unequipped.
Armour
 a - a +0 pair of boots (worn)
 l - a +0 helmet (worn)
 n - a +0 leather armour (worn)
Jewellery
 u - a ring of resist corrosion (left hand)
 A - a ring of positive energy (right hand)
Wands
 r - a wand of flame (3)
 y - a wand of charming (7)
Scrolls
 e - 3 scrolls of poison {unknown}
 f - a scroll of enchant weapon {unknown}
 i - 3 scrolls of magic mapping {unknown}
 j - a scroll of fear {unknown}
 m - 3 scrolls of teleportation {unknown}
 o - 3 scrolls of enchant armour {unknown}
 q - a scroll of immolation {unknown}
 t - 4 scrolls of identify {unknown}
 v - a scroll of fog {unknown}
Potions
 b - a potion of magic
 c - 3 potions of berserk rage {unknown}
 d - a potion of flight {unknown}
 g - a potion of lignification {unknown}
 h - a potion of brilliance {unknown}
 k - a potion of heal wounds {unknown}
 p - 3 potions of curing {unknown}
 s - a potion of attraction {unknown}
 x - 2 potions of haste {unknown}
 z - a potion of degeneration {unknown}
 B - a potion of ambrosia {unknown}


   Skills:
 + Level 3.0 Fighting
 + Level 3.0 Short Blades
 + Level 3.0 Long Blades
 + Level 3.0 Axes
 + Level 3.0 Maces & Flails
 + Level 3.0 Polearms
 + Level 3.0 Staves
 + Level 3.0 Ranged Weapons
 + Level 3.0 Throwing
 + Level 3.0 Armour
 + Level 5.5 Dodging
 + Level 5.2 Stealth
 + Level 3.0 Shields
 + Level 3.0 Unarmed Combat
 + Level 5.8 Spellcasting
 + Level 2.4 Conjurations
 + Level 2.4 Hexes
 + Level 7.5 Summonings
 + Level 2.4 Necromancy
 + Level 2.4 Translocations
 + Level 2.4 Transmutations
 + Level 2.4 Fire Magic
 + Level 2.4 Ice Magic
 + Level 2.4 Air Magic
 + Level 2.4 Earth Magic
 + Level 2.4 Poison Magic
 + Level 3.2 Invocations
 + Level 3.0 Evocations


You had 7 spell levels left.
You knew the following spells:

 Your Spells              Type           Power      Damage    Failure   Level
a - Summon Small Mammal   Summ           100%       N/A       1%          1
b - Call Canine Familiar  Summ           30%        N/A       2%          3
c - Summon Guardian Gole  Hex/Summ       21%        N/A       6%          3
d - Summon Lightning Spi  Summ/Air       21%        N/A       22%         4

Your spell library contained the following spells:

 Spells                   Type           Power      Damage    Failure   Level
 Call Imp                 Summ           30%        N/A       1%          2
 Shock                    Conj/Air       52%        1d6       6%          1
 Swiftness                Air            13%        N/A       19%         3
 Airstrike                Air            6%         2d(1-17)  52%         4


Dungeon Overview and Level Annotations

Branches:
Dungeon (6/15)             Temple (1/1) D:4

Altars:
Ashenzari
Cheibriados
Dithmenos
Elyvilon
Fedhas
Gozag
Hepliaklqana
Kikubaaqudgha
Makhleb
Nemelex Xobeh
Okawaru
Qazlal
Ru
Sif Muna
Trog
Uskayaw
Vehumet
Wu Jian
Xom
Yredelemnul
Zin
The Shining One

Annotations:
D:6 Blork the orc


Innate Abilities, Weirdness & Mutations

You have very sharp teeth.
Your uncanny sense of smell can sniff out nearby items.
Your experience applies equally to all skills.


Message History

Blork the orc hits you but does no damage.
Blork the orc gestures at you while chanting.
The puff of frost misses you.
Your hound bites Blork the orc.
The gnoll sergeant hits you from afar with a +0 spear!
Your hound bites the gnoll sergeant but does no damage.
The gnoll sergeant closely misses your hound.
Your hound bites the gnoll sergeant but does no damage.
Blork the orc casts a spell.
Blork the orc seems to speed up.
Something barely misses your hound. Something hits your hound!
Your hound dies!
Your hound's corpse disappears in a puff of smoke!
Blork the orc points at you and mumbles some strange words.
The puff of frost hits you.
* * * LOW HITPOINT WARNING * * *
Aiming: Charm
Press: ? - help, Shift-Dir - straight line, f - Blork the orc
Aim: Blork the orc, wielding a +0 hand axe and wearing a +0 robe of cold resistance (severely wounded, fast, chance to affect: 56%) Blork the orc resists with significant effort.
Blork the orc barely misses you.
Blork the orc hits you with a +0 hand axe.
* * * LOW HITPOINT WARNING * * *
Aiming: Charm
Press: ? - help, Shift-Dir - straight line, f/p - Blork the orc
Aim: Blork the orc, wielding a +0 hand axe and wearing a +0 robe of cold resistance (severely wounded, fast, chance to affect: 56%) Blork the orc is charmed.
Press: ? - help, v - describe, . - travel The floor.
Really attack your ally Blork the orc?
Okay, then.
Really attack your ally Blork the orc?
Uppercase [Y]es or [N]o only, please.
Really attack your ally Blork the orc?
You barely miss Blork the orc.
Blork the orc is no longer charmed.
Your punch misses Blork the orc.
Blork the orc is severely wounded.
Blork the orc hits you with a +0 hand axe!
You die...

..##[...........#....#...[...###
#.##...........#..#.##...########
#.....................>..........
#.##............#.........#######
#............(............#
<..######.................# ...##
###.................#
....###.........o.......###
........#..[....@.........###..
........)......................
........#.................###..
........##......<.........#
#.......##......#.........#
#.......##.###############..
##....####.# ... ....#..##..# ..#
....##.##.## ..#


You could see Blork the orc (fast).

Vanquished Creatures
  A necrophage (D:5)
  A nameless horror (D:6)
  A hound (D:4)
  An iguana (D:5)
  A gnoll (D:6)
  2 adders
  An ufetubus (D:5)
  2 orcs
  A ball python (D:4)
  A giant cockroach (D:4)
  A hobgoblin (D:4)
  A kobold (D:4)
  A quokka (D:4)
  3 bats
  A frilled lizard (D:2)
19 creatures vanquished.

Vanquished Creatures (collateral kills)
  Sigmund (D:3)
  An ogre (D:5)
  The ghost of Jingleheimer the Poker, an amateur DsGl (D:3)
  A gnoll sergeant (D:4)
  A jelly (D:5)
  An orc priest (D:5)
  An orc wizard (D:5)
  11 gnolls
  3 adders
  A shadow imp (D:6)
  2 worms
  9 orcs
  5 ball pythons
  4 endoplasms
  A giant cockroach (D:3)
  8 goblins
  10 hobgoblins
  3 jackals (D:1)
  3 quokkas
  4 bats
  2 frilled lizards
  3 kobolds
  A rat (D:1)
77 creatures vanquished.

Grand Total: 96 creatures vanquished

Notes
Turn   | Place    | Note
-------+----------+-------------------------------------------
     0 | D:1      | wormed the Gnoll Summoner began the quest for the Orb.
     0 | D:1      | Reached XP level 1. HP: 13/13 MP: 6/6
   322 | D:1      | Reached XP level 2. HP: 8/19 MP: 5/7
  1451 | D:2      | Reached skill level 5 in Spellcasting
  1451 | D:2      | Reached XP level 3. HP: 25/25 MP: 4/9
  1602 | D:2      | Reached skill level 1 in Invocations
  1736 | D:2      | Reached skill level 1 in Fighting
  1736 | D:2      | Reached skill level 1 in Short Blades
  1736 | D:2      | Reached skill level 1 in Long Blades
  1736 | D:2      | Reached skill level 1 in Axes
  1736 | D:2      | Reached skill level 1 in Maces & Flails
  1736 | D:2      | Reached skill level 1 in Polearms
  1736 | D:2      | Reached skill level 1 in Staves
  1736 | D:2      | Reached skill level 1 in Ranged Weapons
  1736 | D:2      | Reached skill level 1 in Throwing
  1736 | D:2      | Reached skill level 1 in Armour
  1736 | D:2      | Reached skill level 1 in Shields
  1736 | D:2      | Reached skill level 1 in Unarmed Combat
  1736 | D:2      | Reached skill level 1 in Evocations
  1978 | D:2      | Reached XP level 4. HP: 30/32 MP: 8/11
  2451 | D:3      | Learned a level 3 spell: Call Canine Familiar
  2455 | D:3      | Learned a level 3 spell: Summon Guardian Golem
  2460 | D:3      | Learned a level 4 spell: Summon Lightning Spire
  2462 | D:3      | Found a runed translucent gate.
  2514 | D:3      | Found a runed translucent gate.
  2515 | D:3      | Found a runed translucent gate.
  2515 | D:3      | Noticed Jingleheimer's ghost (amateur DsGl)
  2619 | D:3      | Identified the +6 rapier of the Hall of Blades {vorpal,
                  | Fragile rF+++ MP+9 Str+4}
  2696 | D:3      | Reached skill level 1 in Conjurations
  2696 | D:3      | Reached skill level 1 in Hexes
  2696 | D:3      | Reached skill level 1 in Necromancy
  2696 | D:3      | Reached skill level 1 in Translocations
  2696 | D:3      | Reached skill level 1 in Transmutations
  2696 | D:3      | Reached skill level 1 in Fire Magic
  2696 | D:3      | Reached skill level 1 in Ice Magic
  2696 | D:3      | Reached skill level 1 in Air Magic
  2696 | D:3      | Reached skill level 1 in Earth Magic
  2696 | D:3      | Reached skill level 1 in Poison Magic
  2759 | D:3      | Found a blossoming altar of Fedhas.
  2760 | D:3      | Found a sacrificial altar of Ru.
  2760 | D:3      | Found a shimmering altar of Xom.
  2764 | D:3      | Found an opulent altar of Gozag.
  2764 | D:3      | Found an iron altar of Okawaru.
  2765 | D:3      | Found a shimmering blue altar of Sif Muna.
  2805 | D:3      | Noticed Sigmund
  2840 | D:3      | Killed Sigmund
  2841 | D:3      | Reached XP level 5. HP: 35/38 MP: 10/12
  2841 | D:3      | Reached XP level 6. HP: 40/44 MP: 11/14
  3061 | D:3      | Killed Jingleheimer's ghost
  3062 | D:3      | Reached skill level 5 in Dodging
  3674 | D:4      | Reached XP level 7. HP: 51/51 MP: 15/15
  3752 | D:4      | Found a staircase to the Ecumenical Temple.
  3778 | Temple   | Entered the Ecumenical Temple
  4098 | Temple   | Became a worshipper of Vehumet
  4330 | D:5      | Entered Level 5 of the Dungeon
  4379 | D:5      | Identified the +3 hand axe "Bisaepey" {vorpal, *Corrode
                  | +Blink rElec Dex+5}
  4590 | D:5      | Reached skill level 5 in Stealth
  5576 | D:6      | Noticed Blork the orc
  5946 | D:6      | Reached XP level 8. HP: 58/58 MP: 16/16
  5975 | D:6      | Slain by Blork the orc

Illustrated notes

Levels and vault maps discovered:
D:1:      giann_wishing_wells, layout_basic
D:2:      wad_crossroads, layout_loops_ring
D:3:      layout_rooms, grunt_temple_overflow_open, gammafunk_ghost_split,
          uniq_sigmund
D:4:      layout_cave_pools, minmay_temple_entry_sparse_star, lightli_minifort
D:5:      layout_basic, chequers_serial_rivers_marsh
D:6:      layout_rooms, uniq_blork_the_orc
Temple:   minmay_temple_bridge_d

Skill      XL: |  1  2  3  4  5  6  7 |
---------------+----------------------+-----
Spellcasting   | 5 |  5.8
Invocations    | 1 2 3 |  3.2
Fighting       | 1 2 3 |  3.0
Short Blades   | 1 2 3 |  3.0
Long Blades    | 1 2 3 |  3.0
Axes           | 1 2 3 |  3.0
Maces & Flails | 1 2 3 |  3.0
Polearms       | 1 2 3 |  3.0
Staves         | 1 2 3 |  3.0
Ranged Weapons | 1 2 3 |  3.0
Throwing       | 1 2 3 |  3.0
Armour         | 1 2 3 |  3.0
Shields        | 1 2 3 |  3.0
Unarmed Combat | 1 2 3 |  3.0
Evocations     | 1 2 3 |  3.0
Conjurations   | 1 2 |  2.4
Hexes          | 1 2 |  2.4
Necromancy     | 1 2 |  2.4
Translocations | 1 2 |  2.4
Transmutations | 1 2 |  2.4
Fire Magic     | 1 2 |  2.4
Ice Magic      | 1 2 |  2.4
Air Magic      | 1 2 |  2.4
Earth Magic    | 1 2 |  2.4
Poison Magic   | 1 2 |  2.4
Dodging        | 5 |  5.5
Stealth        | 5 |  5.2
Summonings     | |  7.5

Action                   |  1- 3 |  4- 6 |  7- 9 || total
-------------------------+-------+-------+-------++-------
Melee: Unarmed           |     6 |       |       ||     6
       Bite              |     1 |     2 |     2 ||     5
       Dagger            |     3 |    14 |       ||    17
       Rapier            |       |    16 |    23 ||    39
       Punch             |       |     2 |       ||     2
 Cast: Summon Small Mamm |    51 |    13 |     3 ||    67
       Call Canine Famil |       |    12 |    14 ||    26
       Summon Lightning  |       |     4 |     2 ||     6
Evoke: Wand              |       |       |     2 ||     2
 Stab: Sleeping          |       |     3 |     1 ||     4
       Distracted        |       |       |     1 ||     1
Armor: Robe              |     6 |     1 |       ||     7
       Leather armour    |       |     3 |     5 ||     8
Dodge: Dodged            |    48 |    27 |    22 ||    97
